 Dungeon Crawl Stone Soup version 0.31-a0-210-gccc998df9b (webtiles) character file.

Game seed: 573584730265264963

3283 qw the Skirmisher (level 9, 0/35 (79) HPs)
             Began as a Minotaur Hexslinger on June 30, 2023.
             Was a Believer of Okawaru.
             Shot with a sling bullet by Joseph (14 damage)
             ... on level 8 of the Dungeon.
             The game lasted 00:02:51 (9155 turns).

qw the Skirmisher (Minotaur Hexslinger)             Turns: 9155, Time: 00:02:52

HP:   0/35 (79)     AC: 10    Str: 13    XL:     9   Next: 69%
MP:   11/11         EV: 15    Int: 10    God:    Okawaru [**....]
Gold: 542           SH:  0    Dex: 17    Spells: 9/10 levels left

rFire   . . .        b - +0 orcbow (heavy)
rCold   . . .        (shield currently unavailable)
rNeg    . . .        c - +0 steam dragon scales
rPois   .            (helmet restricted)
rElec   .            m - +1 cloak
rCorr   .            a - +0 pair of gloves
SInv    .            h - +0 pair of boots
Will    .....        (no amulet)
Stlth   ++           (no ring)
HPRegen 0.25/turn    (no ring)
MPRegen 0.12/turn

%: no passive effects
@: extremely drained
A: horns 2, retaliatory headbutt
a: Renounce Religion, Heroism


You were on level 8 of the Dungeon.
You worshipped Okawaru.
Okawaru was pleased with you.
You visited 2 branches of the dungeon, and saw 9 of its levels.

You collected 542 gold pieces.


Innate Abilities, Weirdness & Mutations

You have a pair of horns on your head.
You reflexively headbutt those who attack you in melee.


   Skills:
 - Level 7.1 Fighting
 + Level 11.0 Ranged Weapons
 - Level 3.0 Armour
 - Level 6.4 Dodging
 - Level 1.0 Spellcasting
 - Level 2.0 Hexes
 - Level 4.1 Invocations


You had 9 spell levels left.
You knew the following spells:

 Your Spells              Type           Power      Damage    Failure   Level
a - Slow                  Hex            16%        N/A       16%         1

Your spell library contained the following spells:

 Spells                   Type           Power      Damage    Failure   Level
 Inner Flame              Hex/Fire       2%         N/A       56%         3
 Portal Projectile        Hex/Tloc       4%         N/A       56%         3
 Cause Fear               Hex            2%         N/A       83%         4

Inventory:

Hand Weapons
 b - a +0 heavy orcbow (weapon)
Armour
 a - a +0 pair of gloves (worn)
 c - +0 steam dragon scales (worn)
 h - a +0 pair of boots (worn)
 m - a +1 cloak (worn)
Scrolls
 f - 5 scrolls of teleportation
 i - a scroll of identify
Potions
 d - a potion of invisibility {unknown}
 g - 2 potions of heal wounds
 j - 2 potions of curing
 k - a potion of might
 l - a potion of mutation {unknown}
 n - a potion of enlightenment {unknown}

Dungeon Overview and Level Annotations

Branches:
Dungeon (8/15)             Temple (1/1) D:5
   Lair: D:8-11

Altars:
Ashenzari
Cheibriados
Dithmenos
Elyvilon
Fedhas
Gozag
Hepliaklqana
Kikubaaqudgha
Makhleb
Nemelex Xobeh
Okawaru
Qazlal
Ru
Sif Muna
Trog
Uskayaw
Vehumet
Wu Jian
Xom
Yredelemnul
Zin
The Shining One

Annotations:
D:8 1 runed translucent door, Joseph


Message History

Level annotation: 1 runed translucent door, Joseph Joseph shoots a sling bullet.
The sling bullet hits you!
You feel drained.
There is a stone staircase leading up, spattered with blood here.
9048 ||| STAIRDANCE Joseph shoots a sling bullet.
The sling bullet closely misses you.
You climb upwards.
There is a stone staircase leading down here.
You start resting.
HP restored.
Done exploring.
(D) Dungeon (T) Temple
Where to? (* - list waypoints, Enter - D:8, ? - help)
What level of the Dungeon? (default 1, ? - help)
You climb downwards.
Level annotation: 1 runed translucent door, Joseph Joseph zaps a wand.
The mass of ice explodes!
The iceblast engulfs you.
Joseph shoots a sling bullet.
The sling bullet barely misses you.
There is a stone staircase leading up, spattered with blood here.
9081 ||| STAIRDANCE Joseph zaps a wand.
The mass of ice explodes!
The iceblast engulfs you!
The now-empty wand crumbles to dust.
You climb upwards.
There is a stone staircase leading down here.
You start resting.
HP restored.
Done exploring.
(D) Dungeon (T) Temple
Where to? (* - list waypoints, Enter - D:8, ? - help)
What level of the Dungeon? (default 1, ? - help)
You climb downwards.
Level annotation: 1 runed translucent door, Joseph
There is a stone staircase leading up, spattered with blood here.
Joseph is nearby!
You shoot an arrow. The arrow hits Joseph!!
Joseph is heavily wounded.
Joseph shoots a sling bullet.
The sling bullet misses you.
Joseph shoots a sling bullet.
The sling bullet hits you!
You feel drained.
9155 ||| STAIRDANCE Joseph shoots a sling bullet.
The sling bullet hits you!
You die...

.........#..#.....'......#...
.........#..'.....#......#.#.
######'######....@##'##..#8. .
.......[...........#)##..######
...................#...........
...................+.........#
...................#.....##..#
#######'#######....#.....##..##
+...#....'....#.@..#............
#...#....#....#....#.........)..
#...#....#....#....#............
##'###..##+####....#...##########
#..###..#........###...## #
.....#..'........#......+ #
.....#..#........#......# #
.....#..#........#.).)..# #
#..######........###)####### ####


You could see Joseph.

Vanquished Creatures
  A two-headed ogre (D:8)
  Grinder (D:3)
  Eustachio (D:6)
  A steam dragon (D:7)
  A water moccasin (D:6)
  An ice beast (D:5)
  A sky beast (D:6)
  3 ogres
  2 centaurs
  2 phantoms (D:5)
  2 kobold brigands (D:8)
  2 bullfrogs
  A scorpion (D:5)
  5 killer bees (D:8)
  3 howler monkeys
  A quasit (D:6)
  2 jellies
  A gnoll bouda (D:5)
  2 orc priests (D:5)
  3 hounds
  2 iguanas (D:6)
  3 orc wizards
  9 adders
  12 gnolls
  3 shadow imps (D:6)
  3 white imps
  2 ufetubi (D:6)
  A worm (D:3)
  3 dart slugs
  11 orcs
  6 endoplasms
  3 giant cockroaches (D:2)
  A goblin (D:1)
  6 hobgoblins
  3 jackals (D:1)
  9 quokkas
  10 ball pythons
  6 bats
  5 frilled lizards
  14 kobolds
  7 rats
155 creatures vanquished.

Notes
Turn   | Place    | Note
-------+----------+-------------------------------------------
     0 | D:1      | qw the Minotaur Hexslinger began the quest for the Orb.
     0 | D:1      | Reached XP level 1. HP: 16/16 MP: 1/1
     0 | D:1      | 0 ||| qw: Version: 0.3-a-26-gee661ec
     0 | D:1      | 0 ||| qw: Game counter: 7271
     0 | D:1      | 0 ||| qw: Melee chars always use a shield: true
     0 | D:1      | 0 ||| qw: God list: Okawaru
     0 | D:1      | 0 ||| qw: Allow faded altars: false
     0 | D:1      | 0 ||| qw: Do Orc after clearing Dungeon:15 true
     0 | D:1      | 0 ||| qw: Do second Lair branch before Depths: true
     0 | D:1      | 0 ||| qw: Lair rune preference: random
     0 | D:1      | 0 ||| qw: Goals: Normal
     0 | D:1      | 0 ||| PLANNING D:1-11
   181 | D:1      | Reached skill level 3 in Ranged Weapons
   249 | D:1      | Reached XP level 2. HP: 23/23 MP: 2/2
   933 | D:1      | Found a faded altar of an unknown god.
   993 | D:1      | 993 ||| UPGRADING to +0 ring mail.
  1003 | D:1      | 1003 ||| DROPPING +0 robe.
  1004 | D:1      | 1004 ||| READING scroll labelled AHEISA BUUVAN.
  1105 | D:1      | 1105 ||| READING 2 scrolls labelled QUROGU REMOTUY.
  1108 | D:1      | 1108 ||| READING scroll labelled COM IMUTSIPPIA.
  1109 | D:1      | 1109 ||| READING 3 scrolls labelled ETIFAPSALE.
  1110 | D:1      | 1110 ||| READING 2 scrolls of identify.
  1110 | D:1      | 1110 ||| IDENTIFYING silvery potion
  1111 | D:1      | 1111 ||| DROPPING scroll of poison.
  1112 | D:1      | 1112 ||| DROPPING potion of attraction.
  1255 | D:2      | Reached XP level 3. HP: 29/29 MP: 3/3
  1343 | D:2      | Reached skill level 4 in Ranged Weapons
  1698 | D:2      | Found Ceez's Book Shoppe.
  1806 | D:2      | 1806 ||| UPGRADING to +0 pair of gloves.
  1811 | D:2      | 1811 ||| READING scroll labelled ASOYFO NIVIMUA.
  1812 | D:2      | 1812 ||| READING 2 scrolls of identify.
  1812 | D:2      | 1812 ||| IDENTIFYING smoky green potion
  1813 | D:2      | 1813 ||| DROPPING potion of ambrosia.
  1842 | D:3      | Reached skill level 1 in Armour
  1884 | D:3      | Reached XP level 4. HP: 36/36 MP: 4/4
  2332 | D:3      | Reached skill level 5 in Ranged Weapons
  2662 | D:3      | Noticed Grinder
  2682 | D:3      | Paralysed by Grinder for 4 turns
  2690 | D:3      | Killed Grinder
  2691 | D:3      | Reached XP level 5. HP: 48/48 MP: 5/5
  2691 | D:3      | Reached XP level 6. HP: 56/56 MP: 6/6
  2739 | D:3      | 2739 ||| UPGRADING to +0 pair of boots.
  2744 | D:3      | 2744 ||| READING scroll labelled VIYKUA GIXERI.
  2745 | D:3      | 2745 ||| READING scroll labelled LERUHEACRE.
  2746 | D:3      | 2746 ||| READING 2 scrolls labelled MAKKIHUOQE.
  2747 | D:3      | 2747 ||| READING 4 scrolls labelled TUTRIQ OMYJE.
  2748 | D:3      | 2748 ||| DRINKING 2 red potions.
  2749 | D:3      | 2749 ||| READING 2 scrolls of identify.
  2749 | D:3      | 2749 ||| IDENTIFYING fizzy emerald potion
  2750 | D:3      | 2750 ||| DROPPING scroll of amnesia.
  2751 | D:3      | 2751 ||| DROPPING 3 scrolls of immolation.
  2777 | D:4      | Found a bloodstained altar of Trog.
  3030 | D:4      | Reached skill level 6 in Ranged Weapons
  3338 | D:4      | Reached XP level 7. HP: 58/61 MP: 7/7
  3914 | D:4      | 3914 ||| READING scroll labelled RIACROI COHAZ.
  3981 | D:5      | Entered Level 5 of the Dungeon
  4192 | D:5      | Reached skill level 7 in Ranged Weapons
  4221 | D:5      | Found a staircase to the Ecumenical Temple.
  4222 | D:5      | 4222 ||| PLANNING TEMPLE
  4230 | Temple   | Entered the Ecumenical Temple
  4251 | Temple   | 4251 ||| PLANNING OKAWARU WORSHIP
  4402 | Temple   | Became a worshipper of Warmaster Okawaru
  4403 | Temple   | 4403 ||| PLANNING D:1-11
  4453 | D:5      | 4453 ||| FLEEEEING.
  4454 | D:5      | 4454 ||| FLEEEEING.
  4455 | D:5      | 4455 ||| FLEEEEING.
  4456 | D:5      | 4456 ||| FLEEEEING.
  4457 | D:5      | 4457 ||| STAIRDANCE
  4528 | D:5      | HP: 15/61 [gnoll/+0 spear[a gnoll bouda] (8)]
  4529 | D:5      | 4529 ||| READING 3 scrolls of teleportation.
  4715 | D:5      | Reached skill level 8 in Ranged Weapons
  4796 | D:5      | 4796 ||| STAIRDANCE
  4806 | D:4      | 4806 ||| DRINKING 2 bubbling silvery potions.
  5001 | D:5      | Reached skill level 9 in Ranged Weapons
  5001 | D:5      | Reached XP level 8. HP: 43/69 MP: 8/8
  5008 | D:5      | HP: 9/69 [ice beast (12)]
  5009 | D:5      | 5009 ||| READING 2 scrolls of teleportation.
  5010 | D:5      | 5010 ||| DRINKING potion of heal wounds.
  5011 | D:5      | Reached * piety under Okawaru
  5012 | D:5      | Reached skill level 3 in Dodging
  5587 | D:5      | 5587 ||| INVOKING Heroism.
  5589 | D:5      | 5589 ||| INVOKING Heroism.
  5594 | D:5      | 5594 ||| Stepping ~*~*~tactically~*~*~ (outnumbered).
  5692 | D:5      | 5692 ||| READING scroll labelled AGY JOUBUO.
  5692 | D:5      | Identified a scroll of acquirement
  5692 | D:5      | 5692 ||| ACQUIRING +0 heavy orcbow
  5692 | D:5      | Acquired a +0 heavy orcbow
  5694 | D:5      | 5694 ||| SWAPPING to +0 heavy orcbow.
  5695 | D:5      | 5695 ||| DROPPING +2 sling.
  5743 | D:6      | Reached skill level 6 in Fighting
  6005 | D:6      | Reached skill level 10 in Ranged Weapons
  6005 | D:6      | Reached skill level 1 in Invocations
  6089 | D:6      | Noticed Eustachio
  6090 | D:6      | 6090 ||| INVOKING Heroism.
  6097 | D:6      | Killed Eustachio
  6098 | D:6      | Reached skill level 3 in Armour
  6291 | D:6      | Reached skill level 3 in Invocations
  6666 | D:6      | 6666 ||| UPGRADING to +1 cloak.
  6671 | D:6      | 6671 ||| READING scroll labelled JEYSO MAICAYSM.
  6704 | D:7      | 6704 ||| INVOKING Heroism.
  6803 | D:7      | Reached XP level 9. HP: 63/78 MP: 10/10
  6835 | D:7      | 6835 ||| INVOKING Heroism.
  7076 | D:7      | Found an ornate altar of the Wu Jian Council.
  7076 | D:7      | Found a hazy altar of Hepliaklqana.
  7076 | D:7      | Found a glowing golden altar of the Shining One.
  7417 | D:7      | 7417 ||| UPGRADING to +0 steam dragon scales.
  7427 | D:7      | 7427 ||| DROPPING +0 ring mail.
  7428 | D:7      | 7428 ||| READING 2 scrolls of identify.
  7428 | D:7      | 7428 ||| IDENTIFYING smoky emerald potion
  7429 | D:7      | 7429 ||| DROPPING potion of brilliance.
  7470 | D:8      | Found a runed translucent door.
  7474 | D:8      | Noticed an orange crystal statue
  7482 | D:8      | Found the +10 tower shield of Ignorance {rN+ Int-4}
  7506 | D:8      | 7506 ||| FLEEEEING.
  7564 | D:8      | Noticed a two-headed ogre
  7565 | D:8      | 7565 ||| INVOKING Heroism.
  7569 | D:8      | Killed a two-headed ogre
  7570 | D:8      | Reached skill level 6 in Dodging
  7800 | D:8      | Reached ** piety under Okawaru
  8169 | D:8      | Noticed Joseph
  8170 | D:8      | Reached skill level 11 in Ranged Weapons
  8170 | D:8      | 8170 ||| FLEEEEING.
  8171 | D:8      | 8171 ||| FLEEEEING.
  8172 | D:8      | 8172 ||| FLEEEEING.
  8173 | D:8      | 8173 ||| FLEEEEING.
  8174 | D:8      | 8174 ||| FLEEEEING.
  8175 | D:8      | 8175 ||| FLEEEEING.
  8176 | D:8      | 8176 ||| FLEEEEING.
  8177 | D:8      | 8177 ||| FLEEEEING.
  8178 | D:8      | 8178 ||| FLEEEEING.
  8179 | D:8      | 8179 ||| FLEEEEING.
  8180 | D:8      | 8180 ||| FLEEEEING.
  8181 | D:8      | 8181 ||| FLEEEEING.
  8182 | D:8      | 8182 ||| FLEEEEING.
  8183 | D:8      | 8183 ||| FLEEEEING.
  8184 | D:8      | 8184 ||| FLEEEEING.
  8185 | D:8      | 8185 ||| STAIRDANCE
  8224 | D:8      | 8224 ||| STAIRDANCE
  8330 | D:8      | 8330 ||| STAIRDANCE
  8395 | D:8      | 8395 ||| STAIRDANCE
  8462 | D:8      | 8462 ||| STAIRDANCE
  8508 | D:8      | 8508 ||| FLEEEEING.
  8509 | D:8      | 8509 ||| FLEEEEING.
  8510 | D:8      | 8510 ||| STAIRDANCE
  8576 | D:8      | 8576 ||| STAIRDANCE
  8651 | D:8      | 8651 ||| STAIRDANCE
  8737 | D:8      | 8737 ||| STAIRDANCE
  8737 | D:8      | HP: 10/49 [Joseph/sling bullet (11)]
  8879 | D:8      | 8879 ||| STAIRDANCE
  8879 | D:8      | HP: 10/45 [Joseph/sling bullet (20)]
  9008 | D:8      | 9008 ||| STAIRDANCE
  9048 | D:8      | 9048 ||| STAIRDANCE
  9081 | D:8      | 9081 ||| STAIRDANCE
  9155 | D:8      | 9155 ||| STAIRDANCE
  9155 | D:8      | Shot with a sling bullet by Joseph

Levels and vault maps discovered:
D:1:      wander_arrival_desolate, layout_basic,
          shapermc_ecumenical_altar_acropolis, minivault_5,
          corexii_item_surrounded_by_moat, st_stairs_2, minmay_gold_behind_fungi
D:2:      layout_loops_ring, serial_shops, nicolae_book_shop_shelving
D:3:      wad_woods_settlement, layout_basic, minmay_fountain_box,
          minmay_increasing_density, uniq_natasha, uniq_grinder
D:4:      layout_basic, nicolae_overflow_hidden_temple, patterned_corridor
D:5:      layout_basic, temple_fountains
D:6:      layout_basic, serial_demonic, serial_demonic_b, serial_demonic_e,
          serial_demonic_c, serial_demonic_g, nrook_loot_triangle,
          uniq_eustachio
D:7:      layout_gridville, gammafunk_temple_overflow_forgotten
D:8:      layout_gridville, chequers_guarded_unrand_ignorance, uniq_joseph
Temple:   nicolae_temple_bog_church

Skill      XL: |  1  2  3  4  5  6  7  8  9 |
---------------+----------------------------+-----
Ranged Weapons | 3 4 5 6 9 10 11 | 11.0
Fighting       | 2 5 6 7 |  7.1
Armour         | 1 2 3 |  3.0
Dodging        | 3 6 |  6.4
Invocations    | 3 4 |  4.1
Spellcasting   | |  1.0
Hexes          | |  2.0

Action                     |  1- 3 |  4- 6 |  7- 9 || total
---------------------------+-------+-------+-------++-------
   Fire: Sling             |    95 |   186 |   150 ||   431
         Orcbow            |       |       |   131 ||   131
 Invoke: Heroism           |       |       |     5 ||     5
    Use: Scroll            |     7 |     5 |     6 ||    18
         Potion            |       |     1 |     2 ||     3
 Armour: Robe              |     3 |       |       ||     3
         Ring mail         |     9 |    37 |    57 ||   103
         Steam dragon scal |       |       |    10 ||    10
  Dodge: Dodged            |    24 |    55 |   160 ||   239

Table legend:
 A = Non-vault XP
 B = Vault XP
 C = Vault XP percentage of total XP
 D = Non-vault monster count
 E = Vault monster count
 F = Vault count percentage of total count
                 A         B        C        D         E       F
            +---------+---------+-------+---------+---------+-------
      Total |    4067 |     623 |  13.3 |     132 |      23 |  14.8
            +---------+---------+-------+---------+---------+-------
        D:1 |      31 |       4 |  11.4 |      19 |       3 |  13.6
        D:2 |      32 |       0 |   0.0 |      12 |       0 |   0.0
        D:3 |      36 |     354 |  90.8 |      15 |      14 |  48.3
        D:4 |     283 |       0 |   0.0 |      24 |       0 |   0.0
        D:5 |     996 |       0 |   0.0 |      23 |       0 |   0.0
        D:6 |     655 |     265 |  28.8 |      12 |       6 |  33.3
        D:7 |     476 |       0 |   0.0 |       6 |       0 |   0.0
        D:8 |    1558 |       0 |   0.0 |      21 |       0 |   0.0
            +---------+---------+-------+---------+---------+-------
